Map: [ESL] Data-C

Players

Silky

  • Race: Zerg Zerg
  • Spawn Location: 3:00

Kelazhur - Winner!

  • Race: Terran Terran
  • Spawn Location: 9:00

Event: DreamHack SC2 Masters 2022 Atlanta (Offline)

VOD

Have the link to the VOD?

Description

Time

  • Played on: Nov. 18, 2022, 9:57 a.m.
  • Length: 16:59

All games in this series

Show
View Real Time Build Order
Export as new Build Order

Silky Zerg 

Build Orders: Pool First, Lurkers 

Get SALT Encoding   

  12  0:00  Drone  
  13  0:12  Overlord  
  13  0:17  Drone  
  14  0:31  Drone x2  
  14  0:34  Drone  
  17  0:45  Drone, Extractor  
  17  0:50  Spawning Pool  
  17  0:55  Drone  
  17  1:06  Drone  
  18  1:17  Hatchery  
  17  1:21  Drone  
  18  1:37  Queen  
  18  1:38  Zergling x2  
  21  1:43  Overlord  
  21  1:49  Metabolic Boost  
  21  1:54  Drone  
  22  2:03  Drone  
  23  2:11  Drone  
  23  2:14  Queen  
  26  2:22  Drone  
  27  2:29  Queen, Drone  
  30  2:40  Overlord  
  30  2:41  Drone  
  31  2:44  Zergling x2  
  31  2:46  Drone x3  
  36  2:58  Drone x2  
  37  3:09  Hatchery  
  36  3:13  Drone x2  
  36  3:14  Drone  
  36  3:16  Queen  
  42  3:20  Drone  
  42  3:24  Overlord  
  42  3:25  Drone  
  42  3:27  Drone  
  44  3:37  Overlord  
  44  3:41  Overlord  
  44  3:42  Lair  
  44  3:43  Drone x2  
  44  3:46  Drone x2  
  48  3:50  Overlord  
  48  3:53  Overlord  
  48  3:57  Queen  
  50  4:03  Drone x3  
  50  4:05  Drone  
  50  4:07  Zergling x2  
  55  4:11  Zergling x2  
  55  4:14  Baneling Nest  
  55  4:16  Zergling x2  
  56  4:22  Spore Crawler x3  
  56  4:24  Drone x2  
  55  4:28  Drone  
  55  4:29  Drone x2  
  58  4:33  Drone  
  58  4:34  Drone x2  
  58  4:37  Queen  
  62  4:40  Overseer  
  62  4:42  Drone  
  62  4:43  Drone  
  62  4:45  Extractor x2  
  63  4:46  Drone x2  
  63  4:49  Zergling x2  
  63  4:50  Zergling x2  
  63  4:52  Drone  
  67  4:53  Drone  
  67  4:55  Drone x2  
  67  4:59  Drone x2  
  72  5:02  Overlord  
  72  5:09  Zergling x2  
  72  5:10  Zergling x6  
  72  5:12  Drone x4  
  80  5:17  Baneling  
  80  5:18  Drone  
  80  5:19  Drone  
  82  5:24  Drone, Centrifugal Hooks  
  82  5:26  Evolution Chamber  
  82  5:27  Evolution Chamber  
  78  5:29  Zergling x4  
  78  5:30  Queen  
  78  5:33  Queen  
  84  5:38  Zergling x4  
  84  5:39  Drone x2  
  84  5:40  Drone x2  
  84  5:42  Drone  
  86  5:45  Drone x3  
  86  5:47  Drone  
  89  5:55  Zerg Ground Armor Level 1, Zerg Melee Weapons Level 1  
  89  5:57  Extractor  
  89  5:58  Drone, Extractor  
  83  6:04  Zergling x14  
  83  6:14  Drone x2  
  83  6:17  Drone x2  
  87  6:19  Drone x4  
  87  6:27  Hatchery  
  87  6:28  Drone  
  87  6:29  Drone x2  
  87  6:31  Extractor  
  87  6:35  Hydralisk Den  
  87  6:39  Drone x3  
  83  6:41  Drone x2  
  83  6:43  Drone x2  
  83  6:44  Drone  
  83  6:45  Drone  
  88  6:53  Zergling x2  
  89  6:55  Baneling x6  
  89  6:56  Baneling x2, Overlord x2  
  89  6:57  Overseer  
  89  7:02  Overlord  
  89  7:06  Muscular Augments  
  89  7:08  Overlord  
  89  7:15  Zergling x12  
  95  7:20  Zergling x8  
  99  7:27  Zergling x6  
  97  7:30  Zergling x4  
  97  7:34  Hydralisk  
  101  7:38  Hydralisk x3  
  101  7:39  Hydralisk  
  101  7:42  Hydralisk x2  
  113  7:46  Drone x4  
  113  7:47  Spore Crawler  
  113  7:50  Zerg Melee Weapons Level 2, Zerg Ground Armor Level 2  
  116  7:51  Zergling x2  
  112  8:09  Zergling x2  
  112  8:10  Zergling x20  
  121  8:15  Drone x3  
  121  8:16  Drone  
  121  8:17  Infestation Pit  
  121  8:19  Drone x3  
  125  8:20  Drone  
  125  8:21  Hydralisk  
  125  8:25  Overlord  
  127  8:29  Overlord  
  127  8:30  Lurker Den  
  127  8:32  Extractor  
  127  8:33  Drone x2  
  127  8:35  Spore Crawler  
  127  8:36  Drone  
  127  8:38  Overlord  
  127  8:50  Hydralisk x5  
  127  8:51  Zergling x10  
  142  8:55  Hive  
  142  8:59  Extractor  
  142  9:00  Extractor  
  130  9:11  Zergling x2  
  130  9:12  Zergling x26  
  130  9:16  Overlord  
  135  9:17  Drone x2  
  135  9:18  Drone  
  135  9:20  Drone x2  
  136  9:25  Hydralisk x2  
  136  9:31  Lurker x3  
  143  9:34  Drone x4  
  143  9:35  Drone x2  
  143  9:36  Drone  
  150  9:42  Drone x3, Extractor  
  150  9:44  Spore Crawler x2, Overseer  
  150  9:47  Drone  
  150  9:51  Zergling x14  
  158  9:52  Baneling  
  158  9:53  Baneling x2  
  158  9:54  Lurker  
  159  10:03  Overlord  
  159  10:11  Seismic Spines  
  157  10:31  Zergling x26  
  157  10:32  Hatchery  
  157  10:33  Overlord x2  
  155  10:36  Overlord  
  155  10:42  Viper x2  
  144  10:48  Zergling x24  
  162  10:52  Lurker  
  162  10:53  Lurker x4  
  167  11:01  Drone x4  
  165  11:08  Adaptive Talons  
  165  11:09  Hydralisk x6  
  173  11:13  Zerg Missile Weapons Level 1  
  173  11:17  Drone x7  
  173  11:27  Hydralisk x4  
  173  11:30  Baneling x5  
  181  11:33  Extractor  
  181  11:38  Zergling x2, Extractor  
  181  11:39  Zergling x20  
  188  11:43  Spore Crawler  
  170  11:54  Drone x3  
  170  11:55  Drone x3  
  170  11:59  Zergling x8  
  161  12:02  Drone x3  
  161  12:07  Lurker x2  
  166  12:12  Zergling x4  
  166  12:13  Zergling x12  
  162  12:17  Drone x3  
  162  12:20  Hydralisk x2  
  166  12:25  Zergling x2  
  167  12:37  Zergling x26  
  167  12:41  Viper x2  
  167  12:43  Drone  
  167  12:44  Queen, Drone  
  167  12:51  Zergling x6  
  167  12:54  Queen x2  
  142  13:06  Zergling x2  
  142  13:07  Zergling x28  
  147  13:13  Drone x2  
  150  13:20  Drone x5  
  150  13:21  Spore Crawler, Extractor  
  150  13:22  Drone x3  
  150  13:25  Drone  
  156  13:33  Baneling x14  
  156  13:35  Zergling x4  
  156  13:36  Zergling x10  
  156  13:38  Hatchery  
  156  13:41  Zergling x12  
  165  13:42  Zergling x2  
  165  13:46  Zerg Melee Weapons Level 3  
  169  13:49  Zergling x6  
  170  13:58  Zergling x12  
  170  14:00  Baneling x12  
  171  14:12  Zerg Ground Armor Level 3  
  171  14:14  Overseer x2  
  170  14:22  Zergling x34  
  182  14:31  Drone x5  
  185  14:33  Spore Crawler x3  
  185  14:34  Spine Crawler  
  160  14:46  Hydralisk x9  
  155  14:56  Hatchery  
  155  14:59  Lurker x2  
  157  15:00  Lurker  
  152  15:07  Hydralisk x4  
  147  15:14  Lurker x2  
  147  15:15  Lurker x5  
  147  15:17  Zergling x4  
  153  15:27  Zergling x18  
  126  15:36  Zergling x8  
  126  15:42  Zergling x6  
  126  15:46  Lurker x5  
  126  15:47  Zergling x12  
  137  15:55  Hydralisk x3  
  140  15:58  Baneling  
  140  15:59  Baneling x2  
  140  16:07  Hydralisk x2  
  143  16:12  Zergling x4  
  143  16:13  Zergling x6  
  143  16:16  Baneling x6  
  144  16:35  Lurker x5  
  146  16:43  Hatchery  
Show
View Real Time Build Order
Export as new Build Order

Kelazhur Terran - Winner!

Build Orders: Reaper Expand, Hellion Banshee 

Get SALT Encoding   

  12  0:00  SCV  
  13  0:12  SCV  
  14  0:17  Supply Depot  
  14  0:24  SCV  
  15  0:38  SCV  
  15  0:39  Barracks  
  16  0:42  Refinery  
  16  0:50  SCV  
  17  1:02  SCV  
  18  1:15  SCV  
  19  1:26  Reaper  
  19  1:27  Orbital Command  
  20  1:40  Command Center  
  20  1:47  Supply Depot  
  20  1:52  SCV  
  21  1:58  Marine  
  22  2:05  Factory  
  22  2:08  SCV  
  23  2:15  Refinery  
  23  2:19  Barracks Reactor  
  23  2:20  SCV  
  24  2:32  SCV  
  25  2:44  SCV  
  25  2:50  Starport  
  26  2:53  SCV  
  27  3:03  Hellion  
  27  3:04  Hellion, SCV  
  27  3:05  Orbital Command  
  32  3:08  Barracks Tech Lab  
  32  3:16  SCV  
  32  3:25  Hellion x2  
  32  3:26  Supply Depot  
  36  3:28  SCV  
  36  3:31  SCV  
  38  3:34  Banshee  
  38  3:38  Cloaking Field  
  41  3:41  SCV  
  41  3:43  SCV  
  41  3:44  Barracks Tech Lab  
  43  3:50  Hellion  
  43  3:52  Hellion  
  43  3:54  SCV  
  48  3:56  SCV  
  48  3:58  Supply Depot  
  49  4:07  SCV  
  49  4:08  SCV  
  51  4:17  Banshee  
  51  4:20  Command Center  
  51  4:22  SCV x2  
  56  4:28  Supply Depot  
  56  4:33  Hellion x2  
  56  4:34  SCV  
  56  4:35  SCV  
  62  4:40  Stimpack  
  62  4:49  SCV x2, Marine  
  62  4:51  Supply Depot  
  65  4:58  Barracks  
  65  4:59  Barracks  
  65  5:01  SCV x2  
  65  5:05  Factory Reactor  
  67  5:12  Marine, Starport Reactor  
  67  5:13  Refinery x2, SCV  
  69  5:14  SCV  
  69  5:15  Supply Depot  
  70  5:22  Engineering Bay x2  
  70  5:25  SCV  
  71  5:30  Marine  
  71  5:34  Orbital Command  
  72  5:38  SCV  
  73  5:47  SCV, Marine  
  73  5:48  Marine  
  76  5:54  Barracks, Terran Infantry Armor Level 1, Terran Infantry Weapons Level 1  
  76  5:55  Barracks  
  76  5:58  Marine x3  
  76  5:59  Supply Depot x2  
  77  6:05  Marine x2  
  77  6:06  SCV, Orbital Command  
  78  6:11  SCV  
  78  6:13  Medivac  
  78  6:16  Marine x3  
  78  6:18  SCV  
  85  6:19  Medivac  
  85  6:23  SCV, Marine x2  
  90  6:28  Siege Tank  
  90  6:30  SCV  
  85  6:41  Marine  
  85  6:42  Combat Shield, Marine x3  
  85  6:43  Barracks Reactor  
  85  6:44  Barracks Reactor  
  85  6:45  SCV  
  85  6:46  SCV x2  
  86  6:51  Medivac x2  
  86  6:53  Marine  
  91  6:57  SCV  
  91  6:58  SCV  
  91  6:59  Armory  
  93  7:01  SCV  
  93  7:03  Supply Depot  
  93  7:06  Siege Tank  
  97  7:09  SCV  
  97  7:10  SCV, Marine x3  
  97  7:11  Supply Depot  
  97  7:14  SCV  
  103  7:19  Refinery  
  103  7:21  SCV, Marine  
  105  7:28  Marine x8  
  105  7:29  SCV x2  
  114  7:35  SCV  
  119  7:37  Supply Depot  
  119  7:39  Supply Depot, Siege Tank, Marine  
  119  7:41  Liberator x2  
  125  7:46  Marine x4  
  125  7:50  Supply Depot, SCV x2  
  131  7:55  Terran Infantry Weapons Level 2, Marine  
  131  7:56  Marine  
  133  7:59  Marine x3  
  133  8:04  Marine x2  
  137  8:05  Marine  
  137  8:12  Siege Tank  
  139  8:19  Marine x6  
  145  8:22  Marine  
  145  8:24  Medivac  
  148  8:29  Command Center  
  148  8:31  Terran Infantry Armor Level 2  
  148  8:32  Marine  
  149  8:38  Supply Depot, SCV x2  
  149  8:39  SCV, Refinery  
  149  8:40  Supply Depot  
  149  8:41  Marine  
  153  8:42  Supply Depot x2  
  153  8:46  Marine x2  
  153  8:49  Siege Tank  
  153  8:50  SCV  
  153  8:53  Factory  
  157  8:58  Supply Depot  
  157  8:59  Supply Depot, Medivac  
  159  9:08  Marine  
  145  9:17  Marine x8  
  145  9:21  Siege Tank  
  145  9:22  Supply Depot  
  141  9:25  Supply Depot, SCV  
  141  9:26  SCV x2  
  144  9:33  Marine  
  144  9:35  Marine x3  
  144  9:36  Terran Vehicle Weapons Level 1  
  144  9:38  SCV  
  149  9:39  SCV  
  149  9:40  Medivac x2  
  149  9:42  Factory Tech Lab  
  149  9:44  Marine  
  155  9:46  Marine  
  155  9:48  Marine  
  155  9:52  Marine x3  
  160  9:53  Siege Tank, Marine x3  
  160  9:57  Sensor Tower  
  166  10:02  Marine  
  166  10:03  Marine  
  166  10:04  Siege Tank  
  166  10:06  Marine  
  172  10:08  Planetary Fortress  
  172  10:12  Terran Infantry Weapons Level 3  
  173  10:14  SCV x3  
  175  10:23  Marine  
  175  10:27  Siege Tank  
  177  10:42  Marine x9  
  179  10:43  Siege Tank  
  179  10:44  Medivac x2  
  179  10:49  Refinery  
  186  10:50  Refinery  
  186  10:53  Ghost Academy, SCV x3  
  186  10:56  Barracks x2  
  189  10:57  Barracks  
  189  10:59  Siege Tank, Marine  
  189  11:00  Marine  
  194  11:11  Marauder, Marine  
  194  11:15  Siege Tank  
  200  11:26  Personal Cloaking  
  200  11:31  Command Center  
  200  11:32  Command Center  
  200  11:34  Command Center  
  200  11:41  Terran Infantry Armor Level 3  
  200  11:42  Terran Vehicle Weapons Level 2  
  197  11:47  Siege Tank  
  197  11:48  Barracks Tech Lab x2  
  197  11:49  Barracks Tech Lab  
  196  12:00  Medivac  
  176  12:02  Marauder, Marine x3  
  176  12:07  Siege Tank  
  181  12:13  Marauder, Marine x4  
  181  12:14  Marauder x2, Marine  
  185  12:19  Sensor Tower  
  185  12:20  Missile Turret  
  182  12:24  Marauder  
  182  12:29  Siege Tank  
  184  12:35  Marauder x2, Marine  
  184  12:36  Medivac x2  
  181  12:40  Siege Tank, Ghost  
  181  12:41  Marine  
  178  12:44  Ghost  
  178  12:47  Marine x6  
  177  12:53  Marine  
  177  12:55  Ghost  
  177  12:56  Orbital Command x2  
  171  13:07  Ghost  
  171  13:09  Siege Tank, Ghost  
  171  13:10  Marine x4  
  169  13:13  Ghost  
  169  13:17  Planetary Fortress  
  171  13:24  Ghost  
  173  13:28  Missile Turret, Sensor Tower  
  173  13:33  Siege Tank  
  173  13:35  Ghost  
  173  13:39  SCV x3  
  174  13:43  Siege Tank  
  174  13:44  Marauder  
  179  13:53  Ghost  
  179  13:54  Command Center  
  180  13:58  Marine x8  
  188  14:05  Siege Tank  
  188  14:07  Ghost x2  
  195  14:15  Siege Tank  
  198  14:23  SCV x7  
  183  14:28  Ghost x2  
  183  14:29  Marine x8  
  185  14:35  SCV x4  
  185  14:36  Ghost  
  185  14:37  Marauder  
  185  14:38  SCV x2  
  185  14:46  Marine  
  185  14:49  Marine x3  
  185  14:52  Siege Tank  
  192  14:53  Medivac  
  192  14:57  Marauder x2  
  192  14:58  Marauder  
  199  15:14  Command Center  
  199  15:16  Sensor Tower  
  199  15:23  Missile Turret  
  196  15:31  Marauder x2  
  186  15:35  Siege Tank  
  186  15:36  Medivac x2, Marine x3  
  186  15:37  Marauder, Marine  
  186  15:41  Marine  
  190  15:42  Siege Tank  
  190  15:47  Planetary Fortress  
  190  15:57  Marauder, Marine  
  190  16:00  Refinery x2  
  193  16:08  Siege Tank  
  193  16:10  Command Center  
  196  16:14  Marine  
  196  16:15  Siege Tank  
  200  16:20  Command Center  
  198  16:35  Marauder  
Tags
 
Add a new tag
Caveats
  • Supply blocks, unpowered buildings, or Contaminate may cause inaccurate times.
  • Supply counts are checked every 10 seconds.